 Dungeon Crawl Stone Soup version 0.25-a0-317-g5f8687bca5 (webtiles) character file.

Game seed: 637544373617658403, levelgen mode: deterministic

211164 Morrissey the Warrior (level 18, 0/172 HPs)
             Began as a Minotaur Berserker on Dec 25, 2019.
             Was a High Priest of Trog.
             Hit by a large rock thrown by a cyclops (17 damage)
             ... on level 1 of the Vaults on Dec 26, 2019.
             The game lasted 01:15:31 (30959 turns).

Morrissey the Warrior (Minotaur Berserker)         Turns: 30959, Time: 01:15:32

Health: 0/172      AC: 26    Str: 28    XL:     18   Next: 20%
Magic:  17/17      EV: 15    Int:  4    God:    Trog [*****.]
Gold:   3253       SH:  6    Dex: 12    Spells: 17/17 levels left

rFire    + . .     SeeInvis +   a - +4 glaive (chop)
rCold    . . .     Gourm    .   (shield currently unavailable)
rNeg     . . .     Faith    .   Q - +0 plate armour
rPois    +         Spirit   .   n - +1 hat
rElec    .         Reflect  +   O - +0 cloak {rF+}
rCorr    .         Harm     .   d - +1 pair of gloves
MR       +....                  Z - +1 pair of boots {Stlth+}
Stlth    ..........             m - +6 amulet of reflection
HPRegen  0.38/turn              w - ring of poison resistance
MPRegen  0.15/turn              I - ring of see invisible

@: berserk cooldown, slowed, very slow
A: retaliatory headbutt, horns 2
}: 1/15 runes: serpentine
a: Berserk, Trog's Hand, Brothers in Arms, Renounce Religion


You were on level 1 of the Vaults.
You worshipped Trog.
Trog was extremely pleased with you.
You were not hungry.

You visited 6 branches of the dungeon, and saw 29 of its levels.
You visited the Abyss 1 time.
You also visited: Bailey and Volcano.

You collected 3253 gold pieces.

Inventory:

Hand Weapons
 a - a +4 glaive of chopping (weapon)
 b - a +6 longbow of flaming
 C - a +9 bardiche
 G - a +6 halberd of freezing
 M - a +1 trident of flaming
Missiles
 e - 121 arrows
Armour
 d - a +1 pair of gloves (worn)
 n - a +1 hat (worn)
 O - a +0 cloak of fire resistance (worn)
 Q - a +0 plate armour (worn)
 Z - a +1 pair of boots of stealth (worn)
Jewellery
 l - the ring of the Everdark {Fire Str+6}
   (You found it on level 13 of the Dungeon)

   [ring of fire]

   It enhances your fire magic.
   It affects your strength (+6).
   It protects you from fire.
   It makes you vulnerable to cold.
 m - a +6 amulet of reflection (around neck)
 r - an uncursed ring of protection from fire
 w - a ring of poison resistance (left hand)
 A - a +5 amulet of reflection
 F - an uncursed amulet of regeneration
 H - an uncursed ring of positive energy
 I - a ring of see invisible (right hand)
 J - an uncursed ring of protection from magic
 U - an uncursed ring of flight
 W - a +4 amulet of reflection
 X - an uncursed ring of protection from magic
Wands
 t - a wand of flame (79)
 y - a wand of acid (31)
 B - a wand of polymorph (20)
 K - a wand of iceblast (21)
 P - a wand of disintegration (24)
 T - a wand of paralysis (12)
 V - a wand of scattershot (9)
 Y - a wand of digging (6)
Scrolls
 h - 18 scrolls of teleportation
 j - 16 scrolls of remove curse
 q - 4 scrolls of magic mapping
 u - a scroll of blinking
 z - 6 scrolls of enchant armour
 D - 2 scrolls of fear
 N - 2 scrolls of silence
Potions
 f - 2 potions of brilliance
 g - 8 potions of flight
 i - 5 potions of mutation
 k - 3 potions of berserk rage
 o - 5 potions of heal wounds
 p - a potion of invisibility
 s - 5 potions of magic
 v - 4 potions of resistance
 x - 2 potions of haste
 E - 10 potions of curing
 L - 6 potions of might
 R - 3 potions of cancellation
 S - 6 potions of agility {unknown}
Comestibles
 c - 41 rations


   Skills:
 - Level 18.0 Fighting
 + Level 17.5 Polearms
 - Level 14.7 Bows
 - Level 17.4 Armour
 - Level 14.9 Dodging


You had 17 spell levels left.
You didn't know any spells.
Your spell library was empty.

Dungeon Overview and Level Annotations

Branches:
Dungeon (15/15)            Temple (0/1) D:5            Lair (6/6) D:9
 Shoals (1/4) Lair:4        Snake (4/4) Lair:2        Slime (0/5) Lair:6
    Orc (2/2) D:10            Elf (0/3) Orc:2        Vaults (1/5) D:13
 Depths (0/5) D:15         Bailey (visited)         Volcano (visited)

Altars:
Dithmenos
Elyvilon
Fedhas
Gozag
Hepliaklqana
Kikubaaqudgha
Ru
Sif Muna
Wu Jian
Yredelemnul
Zin
Beogh

Shops:
D:5 [   Orc:2 (!}::?:[*

Annotations:
Lair:5 5 exclusions
Orc:1 2 transporters


Innate Abilities, Weirdness & Mutations

You reflexively headbutt those who attack you in melee.
You have a pair of horns on your head.


Message History

The freezing wraith barely misses you.
The freezing wraith hits you but does no damage.
You completely miss the freezing wraith.
The skeletal warrior barely misses you. You furiously retaliate!
You headbutt the skeletal warrior.
The cyclops throws a large rock.
The large rock closely misses you.
Unknown command.
Your plate armour prevents you from hitting the freezing wraith.
Your headbutt misses the freezing wraith.
You are no longer berserk.
You are exhausted.
You feel as though you will be slow longer.
The freezing wraith hits you but does no damage.
The freezing wraith closely misses you.
An ogre mage comes into view. It is wielding a +0 club.
You slash the freezing wraith!
The freezing wraith is moderately damaged.
The freezing wraith hits you but does no damage. x2
The cyclops throws a large rock.
The large rock hits you!
You die...

##### ###...#
##.....#
.OC#....p.#
##(.(.@Wz#
#.....##'#
##....##..#
#....##.(.#...'.
#....#..).#p..'p
#....#....'...'.
####'######.#.#.
#...## ####
#....##


You could see a death knight, a skeletal warrior, an ogre mage, a cyclops and a
freezing wraith.

Vanquished Creatures
  Rupert (Orc:2)
  Gastronok (D:8)
  Kirke (D:12)
  A vault warden (Vaults:1)
  8 nagarajas
  An orc warlord (Orc:1)
  Nessos (Orc:2)
  5 dire elephants (Lair:6)
  Snorg (D:12)
  An ettin (Vaults:1)
  A merfolk impaler (Shoals:1)
  A quicksilver dragon zombie (Abyss:2)
  8 hydras
  Harold (D:8)
  A merfolk avatar (Shoals:1)
  Erolcha (D:9)
  2 centaur warriors
  9 naga warriors
  A death knight (D:14)
  12 anacondas
  2 ogre magi
  9 two-headed ogres
  5 orc high priests (Orc:2)
  Urug (Lair:5)
  5 naga sharpshooters
  5 shock serpents
  Sonja (Lair:6)
  5 salamander mystics
  A fire crab (shapeshifter) (D:14)
  A shadow wraith (Abyss:2)
  A skeletal warrior (D:14)
  A sea snake (Shoals:1)
  2 flayed ghosts
  3 wizards
  5 naga ritualists
  Pikel (D:8)
  3 lindwurms
  2 unseen horrors
  A necromancer (D:13)
  8 orc knights
  5 harpies (Shoals:1)
  A wolf spider zombie (D:15)
  4 orc sorcerers
  9 mana vipers
  7 ugly things
  A deep elf mage (D:15)
  17 salamanders
  A cyclops (D:14)
  2 manticores
  A worldbinder (Abyss:2)
  4 elephants (Lair:6)
  2 merfolk sirens
  A smoke demon (Volcano)
  24 black mambas
  3 gargoyles
  20 naga magi
  3 guardian serpents
  Maurice (D:8)
  A torpor snail (Lair:3)
  Psyche (D:11)
  8 komodo dragons
  8 spiny frogs
  2 kobold demonologists
  3 centaur skeletons
  7 rime drakes (Lair:6)
  6 freezing wraiths
  A demonic crawler (Abyss:2)
  An efreet (D:15)
  2 tengu conjurers (D:14)
  A yaktaur (shapeshifter) (D:15)
  A queen bee (D:12)
  2 polar bears
  A red devil (Volcano)
  12 trolls
  6 meliai
  10 merfolk
  A wind drake (Shoals:1)
  3 hornets
  4 blink frogs (Lair:6)
  A harpy skeleton (D:15)
  A snapping turtle (Shoals:1)
  A fire giant simulacrum (Abyss:2)
  13 slime creatures
  6 hippogriffs
  A shadow (D:15)
  3 wraiths
  A vampire (D:12)
  2 ynoxinuls (Abyss:2)
  46 yaks
  A water elemental (Shoals:1)
  Grum (D:8)
  2 basilisks
  2 wyverns
  7 vampire mosquitoes
  A chaos spawn (Abyss:2)
  3 hungry ghosts
  A hog (D:12)
  11 steam dragons (Lair:6)
  3 wargs
  Edmund (D:6)
  4 insubstantial wisps (D:15)
  3 water moccasins
  58 nagas
  3 small abominations
  3 soldier ants
  3 hell hounds (Volcano)
  3 porcupines
  Duvessa (D:6)
  38 orc warriors
  7 ice beasts
  2 phantoms
  3 sky beasts
  A slave (D:8)
  2 black bears
  A hornet zombie (D:13)
  5 necrophages
  10 wolves
  16 ogres
  4 centaurs
  4 crocodiles
  2 big kobolds
  15 bullfrogs
  An earth elemental (Abyss:2)
  A wyvern zombie (D:6)
  A wyvern skeleton (D:12)
  3 scorpions
  Dowan (D:6)
  12 killer bees (D:12)
  10 wights
  2 electric eels (Snake:1)
  3 crimson imps
  9 howler monkeys
  4 centaur zombies
  A lava snake (Snake:4)
  4 bullfrog zombies
  6 hounds
  A quasit (D:10)
  11 jellies
  39 orc priests
  20 orc wizards
  Jessica (D:2)
  2 iguanas
  Terence (D:2)
  A killer bee zombie (D:10)
  7 worker ants
  A hound skeleton (D:4)
  Robin (D:2)
  19 gnolls
  13 adders
  4 shadow imps
  An ufetubus (Abyss:2)
  4 oozes
  An adder zombie (D:8)
  2 worms
  2 dart slugs (D:1)
  5 leopard geckos
  116 orcs
  2 ball pythons
  4 giant cockroaches
  9 goblins
  19 hobgoblins
  30 jackals
  23 kobolds
  7 quokkas
  A ball python zombie (D:5)
  5 bats
  3 frilled lizards
  A quokka skeleton (D:7)
  7 rats
  A bush (D:9)
  3 plants
1028 creatures vanquished.

Vanquished Creatures (collateral kills)
  Saint Roka (Orc:2)
  A dire elephant (Lair:6)
  A merfolk impaler (Shoals:1)
  A warg (Orc:2)
  An orc warrior (Orc:1)
  An ogre (Orc:2)
  2 orc priests (Orc:2)
  An orc wizard (Orc:1)
  7 orcs
16 creatures vanquished.

Vanquished Creatures (others)
  A centaur warrior (D:15)
  A naga sharpshooter (Snake:1)
  A rime drake (Lair:6)
  A steam dragon (Lair:6)
  A slave (D:8)
  A jelly (Lair:6)
  An ooze (Lair:6)
  2 orcs
  A kobold (Bailey)
  5 fungi (Lair:6)
  6 plants
21 creatures vanquished.

Grand Total: 1065 creatures vanquished

Notes
Turn   | Place    | Note
-------+----------+-------------------------------------------
     0 | D:1      | Morrissey the Minotaur Berserker began the quest for the
                  | Orb.
     0 | D:1      | Reached XP level 1. HP: 19/19 MP: 0/0
   118 | D:1      | Reached XP level 2. HP: 18/27 MP: 1/1
   241 | D:1      | Reached skill level 4 in Fighting
   545 | D:2      | Reached XP level 3. HP: 33/33 MP: 2/2
   708 | D:2      | Noticed Terence
   708 | D:2      | Noticed Robin
   712 | D:2      | Reached ** piety under Trog
   722 | D:2      | Killed Robin
   724 | D:2      | Killed Terence
   724 | D:2      | Reached XP level 4. HP: 41/41 MP: 3/3
   905 | D:2      | Reached skill level 5 in Fighting
   905 | D:2      | Reached skill level 5 in Polearms
   905 | D:2      | Reached XP level 5. HP: 48/48 MP: 4/4
  1142 | D:2      | Noticed Jessica
  1146 | D:2      | Killed Jessica
  1484 | D:3      | Reached XP level 6. HP: 56/56 MP: 5/5
  1628 | D:3      | Reached *** piety under Trog
  1639 | D:3      | Reached skill level 6 in Fighting
  2178 | D:4      | Reached XP level 7. HP: 63/63 MP: 6/6
  2295 | D:4      | Found an ornate altar of the Wu Jian Council.
  2424 | D:4      | Reached skill level 7 in Fighting
  2451 | D:4      | Reached **** piety under Trog
  2624 | D:4      | Reached skill level 5 in Armour
  2776 | D:4      | Reached XP level 8. HP: 73/73 MP: 7/7
  2863 | D:4      | Found a shimmering blue altar of Sif Muna.
  2901 | D:5      | Entered Level 5 of the Dungeon
  2903 | D:5      | Found a staircase to the Ecumenical Temple.
  2965 | D:5      | Found Unwoad's Antique Armour Boutique.
  3029 | D:5      | Found a shadowy altar of Dithmenos.
  3150 | D:5      | Found a basalt altar of Yredelemnul.
  3167 | D:5      | Reached skill level 8 in Fighting
  3170 | D:5      | Reached skill level 5 in Dodging
  3567 | D:6      | Found an ancient bone altar of Kikubaaqudgha.
  3603 | D:6      | Found a glowing silver altar of Zin.
  3719 | D:6      | Noticed Dowan
  3721 | D:6      | Noticed Duvessa
  3726 | D:6      | Killed Dowan
  3728 | D:6      | Killed Duvessa
  3728 | D:6      | Reached skill level 9 in Fighting
  3728 | D:6      | Reached XP level 9. HP: 83/83 MP: 8/8
  3785 | D:6      | Reached ***** piety under Trog
  3785 | D:6      | Received a gift from Trog
  3797 | D:6      | Found a white marble altar of Elyvilon.
  3850 | D:6      | Noticed Edmund
  3855 | D:6      | Killed Edmund
  4116 | D:6      | Found a sacrificial altar of Ru.
  4626 | D:7      | Reached skill level 10 in Fighting
  4651 | D:7      | Reached skill level 10 in Polearms
  4668 | D:7      | Reached XP level 10. HP: 88/94 MP: 9/9
  5239 | D:8      | Noticed Maurice
  5251 | D:8      | Killed Maurice
  5362 | D:8      | Noticed Gastronok
  5372 | D:8      | Killed Gastronok
  5372 | D:8      | Reached skill level 11 in Fighting
  5377 | D:8      | Noticed Grum
  5390 | D:8      | Killed Grum
  5520 | D:8      | Noticed Pikel
  5533 | D:8      | Killed Pikel
  5598 | D:8      | Found Gemo Ere's General Store.
  5713 | D:8      | Reached skill level 12 in Fighting
  5884 | D:8      | Noticed Harold
  5892 | D:8      | Killed Harold
  5892 | D:8      | Reached XP level 11. HP: 104/104 MP: 10/10
  5941 | D:8      | Received a gift from Trog
  6123 | D:8      | Found a roughly hewn altar of Beogh.
  6224 | D:9      | Got a jewelled ring mail
  6235 | D:9      | Identified the +1 ring mail of the Skies Above {rC- Str+2
                  | Dex+2} (You found it on level 9 of the Dungeon)
  6366 | D:9      | Found a hazy altar of Hepliaklqana.
  6404 | D:9      | Found a staircase to the Lair.
  6448 | D:9      | Found an opulent altar of Gozag.
  6590 | D:9      | Noticed Erolcha
  6598 | D:9      | Killed Erolcha
  6618 | D:9      | Found a blossoming altar of Fedhas.
  7096 | D:10     | Entered Level 10 of the Dungeon
  7376 | D:10     | Identified a scroll of acquirement
  7379 | D:10     | Got a shimmering buckler
  7397 | D:10     | Identified the +2 buckler "Lysesh" {rPois} (You acquired it
                  | on level 10 of the Dungeon)
  7663 | D:10     | Noticed an eight-headed hydra
  7673 | D:10     | Killed an eight-headed hydra
  7673 | D:10     | Received a gift from Trog
  7940 | D:10     | Found a staircase to the Orcish Mines.
  8126 | D:10     | Reached skill level 13 in Fighting
  8222 | Lair:1   | Entered Level 1 of the Lair of Beasts
  8581 | Lair:1   | Noticed a five-headed hydra
  8592 | Lair:1   | Killed a five-headed hydra
  8944 | Lair:2   | Reached skill level 10 in Armour
  8962 | Lair:2   | Reached XP level 12. HP: 115/115 MP: 11/11
  8965 | Lair:2   | Found a staircase to the Snake Pit.
  9024 | Lair:2   | Found a dark tunnel.
  9042 | Volcano  | Entered a volcano
  9504 | Lair:2   | You fall into a shaft and drop 1 floor!
  9754 | Lair:3   | Noticed a five-headed hydra
  9768 | Lair:3   | Killed a five-headed hydra
  9768 | Lair:3   | Reached skill level 10 in Dodging
  9781 | Lair:3   | Received a gift from Trog
 10367 | Lair:3   | Reached skill level 15 in Polearms
 10892 | Lair:4   | Found a staircase to the Shoals.
 11470 | Lair:5   | Noticed a seven-headed hydra
 11478 | Lair:5   | Killed an eight-headed hydra
 12087 | Lair:5   | Noticed Urug
 12098 | Lair:5   | Killed Urug
 12098 | Lair:5   | Reached XP level 13. HP: 122/122 MP: 12/12
 12242 | Lair:6   | Entered Level 6 of the Lair of Beasts
 12700 | Lair:6   | Received a gift from Trog
 12783 | Lair:6   | Found a staircase to the Slime Pits.
 12918 | Lair:6   | Noticed Sonja
 12941 | Lair:6   | Killed Sonja
 13593 | Lair:6   | Noticed a dire elephant
 13612 | Lair:6   | Killed a dire elephant
 13927 | Lair:6   | Noticed a dire elephant
 13927 | Lair:6   | Noticed a dire elephant
 13928 | Lair:6   | Found the cursed +14 obsidian axe {chop, +Fly SInv *Curse}
 13934 | Lair:6   | Killed a dire elephant
 13937 | Lair:6   | Killed a dire elephant
 13937 | Lair:6   | Reached skill level 14 in Fighting
 14114 | Lair:6   | Noticed a dire elephant
 14123 | Lair:6   | Killed a dire elephant
 14182 | Lair:6   | Noticed a dire elephant
 14191 | Lair:6   | Killed a dire elephant
 14343 | Lair:6   | Noticed a dire elephant
 14350 | Lair:6   | Killed a dire elephant
 14590 | D:11     | Reached XP level 14. HP: 122/133 MP: 13/13
 14602 | D:11     | Received a gift from Trog
 14773 | D:11     | Noticed Psyche
 14779 | D:11     | Killed Psyche
 15655 | D:12     | Noticed Snorg
 15661 | D:12     | Killed Snorg
 15923 | D:12     | Identified the Catalogue of Helpful Sinister Arts
 15928 | D:12     | Got a translucent glaive
 15929 | D:12     | Identified the cursed +1 glaive of Ysutar {protect, rElec}
                  | (You found it on level 12 of the Dungeon)
 16077 | D:12     | Received a gift from Trog
 16151 | D:12     | Reached skill level 15 in Fighting
 16151 | D:12     | Paralysed by a hornet for 2 turns
 16363 | D:12     | Noticed Kirke
 16374 | D:12     | Killed Kirke
 16749 | D:13     | Cast into level 2 of the Abyss (a wizard)
 16753 | Abyss:2  | Found a corrupted altar of Lugonu.
 16762 | Abyss:2  | Reached XP level 15. HP: 141/141 MP: 10/14
 17064 | D:13     | Escaped the Abyss
 17077 | D:13     | Found a gate to the Vaults.
 17140 | D:13     | Found a flagged portal.
 17146 | Bailey   | Entered a bailey
 17156 | Bailey   | Received a gift from Trog
 17470 | D:13     | Reached skill level 15 in Armour
 17621 | D:13     | Found a white marble altar of Elyvilon.
 17731 | D:13     | Got a scorched platinum ring
 17734 | D:13     | Identified the ring of the Everdark {Fire Str+6} (You found
                  | it on level 13 of the Dungeon)
 17963 | D:14     | Upgraded the game from 0.25-a0-316-gd28d56f9c5 to
                  | 0.25-a0-317-g5f8687bca5
 18238 | D:14     | Found a white marble altar of Elyvilon.
 18323 | D:14     | Reached skill level 16 in Fighting
 18706 | Snake:1  | Entered Level 1 of the Snake Pit
 18768 | Snake:1  | Reached XP level 16. HP: 142/151 MP: 15/15
 19394 | Snake:1  | Received a gift from Trog
 20895 | Snake:2  | Reached skill level 17 in Fighting
 21416 | Snake:3  | Received a gift from Trog
 22854 | Orc:1    | Entered Level 1 of the Orcish Mines
 22958 | Orc:1    | Received a gift from Trog
 23082 | Orc:1    | You fall into a shaft and drop 1 floor!
 23082 | Orc:2    | Entered Level 2 of the Orcish Mines
 23084 | Orc:2    | Noticed Nessos
 23097 | Orc:2    | Killed Nessos
 23097 | Orc:2    | Reached skill level 18 in Fighting
 23112 | Orc:2    | Found a staircase to the Elven Halls.
 23218 | Orc:2    | Reached skill level 1 in Bows
 23289 | Orc:2    | Noticed Saint Roka
 23400 | Orc:2    | Killed Saint Roka
 23400 | Orc:2    | Reached XP level 17. HP: 66/163 MP: 16/16
 23601 | Orc:2    | Found Zuwoajez's Book Emporium.
 23645 | Orc:2    | Found Efapnoil's Book Shoppe.
 23648 | Orc:2    | Found Qonud's Antique Armour Shop.
 23662 | Orc:2    | Found Nauduyhu's Magic Scroll Emporium.
 23682 | Orc:2    | Found Mamnoqou's General Store.
 23847 | Orc:2    | Reached skill level 5 in Bows
 23871 | Orc:2    | Received a gift from Trog
 24469 | Orc:2    | Found Xink's Book Boutique.
 24472 | Orc:2    | Found Bavurei's Antique Weapon Boutique.
 24473 | Orc:2    | Found Gaorch's Gadget Boutique.
 24474 | Orc:2    | Found Weymantab's Distillery.
 24561 | Orc:2    | Noticed Rupert
 24571 | Orc:2    | Killed Rupert
 24823 | Orc:1    | Found a transporter.
 24841 | Orc:1    | Found a roughly hewn altar of Beogh.
 24841 | Orc:1    | Found a transporter.
 25240 | Shoals:1 | Entered Level 1 of the Shoals
 25595 | Shoals:1 | HP: 8/163 [merfolk impaler/+0 trident (7)]
 26860 | D:15     | Entered Level 15 of the Dungeon
 26885 | D:15     | Reached skill level 10 in Bows
 27333 | D:15     | Received a gift from Trog
 27687 | D:15     | Found a staircase to the Depths.
 28568 | Snake:4  | Entered Level 4 of the Snake Pit
 29308 | Snake:4  | Received a gift from Trog
 30003 | Snake:4  | Reached XP level 18. HP: 155/172 MP: 17/17
 30457 | Snake:4  | Got a serpentine rune of Zot
 30520 | Snake:4  | Received a gift from Trog
 30890 | Vaults:1 | Entered Level 1 of the Vaults
 30959 | Vaults:1 | Hit by a large rock thrown by a cyclops

Levels and vault maps discovered:
D:1:      eino_arrival_tree_alley, layout_rooms
D:2:      layout_loops_ring, uniq_terence, uniq_jessica, uniq_robin
D:3:      layout_loops_corners, first_ration, minmay_crystal_room
D:4:      layout_loops_ring, old_standard_altar, tgw_sif
D:5:      layout_cave_pools, grunt_dithmenos_smoke, old_standard_altar,
          nicolae_overflow_hidden_temple, minmay_temple_entry_trees,
          serial_shops, shop
D:6:      layout_loops_ring, hangedman_ru_absence, elyvilon_altar_3,
          lemuel_crystal_altar, lemuel_round_altar, minmay_increasing_density,
          uniq_edmund, uniq_duvessa
D:7:      layout_basic, chequers_hall_statues_corner_a
D:8:      layout_basic, special_room [special_room_orc], serial_shops,
          kennysheep_little_box, uniq_harold, uniq_pikel, uniq_gastronok,
          uniq_grum, uniq_maurice
D:9:      layout_stronghold, fedhas_altar_decomposition, lemuel_doored_altar,
          kennysheep_mini_moat, lair_entry_dummy, uniq_erolcha
D:10:     layout_stronghold, david_orc_4, kennysheep_flooded_box
D:11:     layout_basic, minmay_misc_feat_cross, uniq_psyche
D:12:     layout_basic, special_room [special_room_bee],
          hangedman_pestilent_swarm, minmay_checkered_concentric_circles,
          uniq_kirke, uniq_snorg
D:13:     layout_cave_pools, david_vaults_1, basic_altar, enter_bailey_2
D:14:     layout_long_grid, lemuel_crystal_altar
D:15:     grunt_enter_depths_magical_seal, layout_layer_cave,
          kennysheep_pointless_box, pond
Lair:1:   layout_regular_city, minivault_25, grunt_megastairs_4,
          lemuel_fruit_tree
Lair:2:   layout_cave_shapes, minmay_snake_entry_guardpost_small,
          nicolae_volcano_entry_vermiform
Lair:3:   layout_cave_pods
Lair:4:   layout_cave_pods, elwin_shoals_entry_stream
Lair:5:   layout_cave_shapes, infiniplex_staircase_pool, uniq_urug
Lair:6:   due_jungle_book, layout_long_grid, nicolae_slime_entry_slimehenge,
          minmay_hedge_maze, bobbens_dragon_lair_wall, uniq_sonja
Shoals:1: layout_shoals
Snake:1:  layout_grid_maze, serial_bayou_lagoon_a
Snake:2:  layout_misc_corridors
Snake:3:  layout_misc_corridors
Snake:4:  minmay_snake_end_coiled, layout_basic
Orc:1:    gammafunk_beogh_shrine, layout_caves
Orc:2:    st_orc_pillars, layout_diamond_mine, serial_shops, shop_fountains,
          nicolae_shop_waterfront, nicolae_shop_stone,
          nicolae_shop_window_shopping, shop, uniq_rupert, uniq_saint_roka,
          uniq_nessos
Vaults:1: nicolae_vaults_holding_cells, ontoclasm_vaults_bender, v_misc_9,
          vaults_dpeg_ring, v_alt_pattern_2, nicolae_vaults_border_crossing,
          nicolae_vaults_ninety_degrees, hangedman_vaults_stitches,
          vaults_mumra_lcd, grunt_vaults_diagonal,
          vaults_mumra_minichess_inversion, grunt_vaults_hallway_long,
          nicolae_vaults_diagonal_hallway_7, layout_vaults_maze_snakey,
          serial_shops, shop, nicolae_shop_waterfront, shop, mu_enter_wizlab_5,
          uniq_aizul

Skill      XL: |  1  2  3  4  5  6  7  8  9 10 11 12 13 14 15 16 17 18 |
---------------+-------------------------------------------------------+-----
Fighting       | 4 5 6 7 9 10 12 13 14 15 16 18 | 18.0
Polearms       | 4 5 6 7 9 10 12 13 15 16 17 | 17.5
Armour         | 3 4 5 6 7 8 10 11 13 14 15 17 | 17.4
Dodging        | 3 4 5 6 7 9 10 12 13 14 | 14.9
Bows           | 4 13 14 | 14.7

Action                   |  1- 3 |  4- 6 |  7- 9 | 10-12 | 13-15 | 16-18 || total
-------------------------+-------+-------+-------+-------+-------+-------++-------
Melee: Spear             |   100 |    38 |       |       |       |       ||   138
       Headbutt          |     8 |    17 |    42 |    98 |   154 |   144 ||   463
       Trident           |       |   115 |   180 |    37 |    21 |       ||   353
       Halberd           |       |       |    88 |   507 |   739 |   956 ||  2290
       Bardiche          |       |       |    19 |       |       |       ||    19
       Glaive            |       |       |       |       |       |    30 ||    30
 Fire: Longbow           |       |       |       |       |       |   319 ||   319
Invok: Berserk           |     2 |     4 |     8 |    14 |    15 |     8 ||    51
       Brothers in Arms  |       |       |       |       |     1 |     5 ||     6
       Trog's Hand       |       |       |       |       |       |     2 ||     2
Evoke: Wand              |       |       |       |       |       |     2 ||     2
  Use: Scroll            |       |       |    10 |     4 |    19 |     7 ||    40
       Potion            |       |       |       |       |     3 |     2 ||     5
 Stab: Distracted        |       |       |       |       |     1 |       ||     1
       Paralysed         |       |       |       |       |       |     1 ||     1
  Eat: Chunk             |     1 |     9 |    14 |    32 |    23 |    16 ||    95
       Ration            |       |       |     1 |     1 |     4 |    10 ||    16
Armor: Animal skin       |     3 |       |       |       |       |       ||     3
       Chain mail        |    23 |    52 |    87 |    24 |       |       ||   186
       Plate armour      |       |       |       |   140 |   277 |   359 ||   776
Dodge: Dodged            |    18 |    47 |    78 |   158 |   304 |   464 ||  1069
Block: Other             |       |       |     5 |    72 |   158 |   209 ||   444
       Reflection        |       |       |       |     5 |    14 |    22 ||    41

Table legend:
 A = Non-vault XP
 B = Vault XP
 C = Vault XP percentage of total XP
 D = Non-vault monster count
 E = Vault monster count
 F = Vault count percentage of total count
                 A         B        C        D         E       F
            +---------+---------+-------+---------+---------+-------
      Total |  172786 |   90993 |  34.5 |     721 |     324 |  31.0
            +---------+---------+-------+---------+---------+-------
        D:1 |      37 |       0 |   0.0 |      17 |       0 |   0.0
        D:2 |     165 |     107 |  39.3 |      22 |      13 |  37.1
        D:3 |     300 |       0 |   0.0 |      38 |       0 |   0.0
        D:4 |     867 |       0 |   0.0 |      29 |       0 |   0.0
        D:5 |     779 |       0 |   0.0 |      32 |       0 |   0.0
        D:6 |    1055 |     658 |  38.4 |      23 |       9 |  28.1
        D:7 |    1744 |       0 |   0.0 |      17 |       0 |   0.0
        D:8 |     724 |    5202 |  87.8 |      17 |      27 |  61.4
        D:9 |     324 |    1429 |  81.5 |       7 |       5 |  41.7
       D:10 |    2695 |     656 |  19.6 |      24 |      14 |  36.8
       D:11 |    3780 |     395 |   9.5 |      32 |       1 |   3.0
       D:12 |    5268 |    8515 |  61.8 |      40 |      28 |  41.2
       D:13 |   10859 |    2530 |  18.9 |      36 |       4 |  10.0
       D:14 |   11736 |       0 |   0.0 |      32 |       0 |   0.0
       D:15 |   11260 |    6679 |  37.2 |      34 |      17 |  33.3
     Lair:1 |    3480 |     101 |   2.8 |      14 |       1 |   6.7
     Lair:2 |    2338 |    1313 |  36.0 |      13 |       5 |  27.8
     Lair:3 |    5423 |       0 |   0.0 |      18 |       0 |   0.0
     Lair:4 |    1821 |    1319 |  42.0 |       9 |       4 |  30.8
     Lair:5 |    3783 |     847 |  18.3 |      14 |       1 |   6.7
     Lair:6 |   15042 |    8750 |  36.8 |      27 |      29 |  51.8
   Shoals:1 |   10841 |       0 |   0.0 |      22 |       0 |   0.0
    Snake:1 |   11166 |       0 |   0.0 |      24 |       0 |   0.0
    Snake:2 |   21559 |       0 |   0.0 |      35 |       0 |   0.0
    Snake:3 |   20761 |       0 |   0.0 |      42 |       0 |   0.0
    Snake:4 |   13120 |   27244 |  67.5 |      29 |      46 |  61.3
      Orc:1 |    5451 |       0 |   0.0 |      45 |       0 |   0.0
      Orc:2 |    1099 |   19884 |  94.8 |      15 |      76 |  83.5
   Vaults:1 |    1104 |    3250 |  74.6 |       1 |       4 |  80.0
    Abyss:2 |    4205 |       0 |   0.0 |      13 |       0 |   0.0
     Bailey |       0 |     362 | 100.0 |       0 |      34 | 100.0
    Volcano |       0 |    1752 | 100.0 |       0 |       6 | 100.0
            +---------+---------+-------+---------+---------+-------
